 Dungeon Crawl Stone Soup version 0.21.1-1-g345015f (webtiles) character file.

4812 Mgcat the Fighter (level 10, -6/71 HPs)
             Began as a Gargoyle Monk on Feb 11, 2018.
             Was an Elder of Zin.
             Mangled by a two-headed ogre
             ... wielding a +0 giant spiked club
              (8 damage)
             ... on level 9 of the Dungeon.
             The game lasted 00:20:03 (6719 turns).

Mgcat the Fighter (Gargoyle Monk)                   Turns: 6719, Time: 00:20:04

Health: -6/71      AC: 18    Str: 15    XL:     10   Next: 48%
Magic:  9/10       EV:  7    Int: 13    God:    Zin [****..]
Gold:   317        SH:  0    Dex: 16    Spells: 9/9 levels left

rFire    . . .     SeeInvis +   y - +1 flail (crush)
rCold    . . .     Gourm    .   (no shield)
rNeg     + . .     Faith    .   g - +0 chain mail
rPois    ∞         Spirit   .   p - +2 helmet
rElec    +         Reflect  .   (no cloak)
rCorr    +         Harm     .   (no gloves)
MR       .....                  (no boots)
Stlth    ..........             (no amulet)
HPRegen  0.21/turn              i - ring of resist corrosion
MPRegen  0.12/turn              m - ring of see invisible {sInv, !d}

@: vitalised
A: negative energy resistance 1, electricity resistance, unbreathing,
petrification resistance, rot immunity, AC +7
a: Recite, Vitalisation, Imprison, Donate Gold, Renounce Religion


You were on level 9 of the Dungeon.
You worshipped Zin.
Zin was greatly pleased with you.
You were near starving.

You visited 1 branch of the dungeon, and saw 10 of its levels.
You also visited: Sewer.

You collected 439 gold pieces.
You spent 79 gold pieces at shops.
You donated 43 gold pieces to Zin.

Inventory:

Hand Weapons
 y - a +1 flail of crushing (weapon)
   (You bought it in a shop on level 4 of the Dungeon)
 D - a +0 morningstar
   (You found it on level 8 of the Dungeon)
Missiles
 x - 6 tomahawks (quivered)
 C - 2 throwing nets {=f, !d}
Armour
 g - a +0 chain mail (worn)
   (You found it on level 1 of the Dungeon)
 p - a +2 helmet (worn)
   (You found it on level 2 of the Dungeon)
Jewellery
 i - a ring of resist corrosion (left hand)
   (You found it on level 1 of the Dungeon)
 m - a ring of see invisible (right hand) {sInv, !d}
   (You found it on level 1 of the Dungeon)
Wands
 v - a wand of disintegration (6)
   (You found it on level 5 of the Dungeon)
 z - a wand of paralysis (10)
   (You found it on level 7 of the Dungeon)
Scrolls
 a - a scroll of enchant armour {unknown}
 e - 3 scrolls of remove curse
 h - 5 scrolls of teleportation
 j - 7 scrolls of identify
 l - 3 scrolls of amnesia
 o - 3 scrolls of fog
 r - 2 scrolls of fear
 s - 2 scrolls of enchant weapon
 u - a scroll of magic mapping {!r}
Potions
 d - a potion of lignification {unknown}
 f - a potion of magic {unknown}
 k - 2 potions of berserk rage {unknown}
 n - 3 potions of curing {unknown}
 q - 3 potions of brilliance {unknown}
 t - 3 potions of mutation {unknown}
 w - 2 potions of ambrosia {unknown}
 A - a potion of haste {unknown}
 B - a potion of flight {unknown}
Comestibles
 c - 11 rations


   Skills:
 + Level 11.9 Fighting
 + Level 11.0 Maces & Flails
 - Level 2.4 Dodging
 - Level 2.1 Stealth
 + Level 0.1 Invocations


You had 9 spell levels left.
You didn't know any spells.

Dungeon Overview and Level Annotations

Branches:
Dungeon (10/15)            Temple (0/1) D:6
   Lair: D:8-11         Orc: D:9-12

Altars:
Yredelemnul
Zin

Shops:
D:4 (

Annotations:
D:6 Prince Ribbit


Innate Abilities, Weirdness & Mutations

You are resistant to torment.
Your stone body is resilient. (AC +7)
You are immune to poison.
You resist negative energy. (rN+)
You are resistant to electric shocks. (rElec)
You can survive without breathing.
You are immune to petrification.
You are immune to rotting.


Message History

Magic restored.
Found a stone staircase leading up.
b - 2 potions of heal wounds (gained 1)
A gnoll comes into view. It is wielding a flail.
The gnoll shouts!
You hear a shout! x2
A gnoll comes into view. It is wielding a whip.
A gnoll comes into view.
The gnoll hits you but does no damage.
You hit the gnoll.
The gnoll is heavily wounded.
The gnoll hits you but does no damage.
You hit the gnoll but do no damage.
The gnoll is heavily wounded.
You closely miss the gnoll.
The gnoll is heavily wounded.
The gnoll barely misses you.
You hit the gnoll.
You kill the gnoll!
You sock the gnoll!
The gnoll is almost dead.
The gnoll hits you but does no damage.
You hit the gnoll.
You kill the gnoll!
The gnoll hits you but does no damage.
Things that are here:
a whip; a flail You hit the gnoll.
The gnoll is moderately wounded.
The gnoll hits you but does no damage.
You hit the gnoll.
The gnoll is severely wounded.
The gnoll hits you but does no damage.
You thump the gnoll!
You kill the gnoll!
No target in view!
No target in view!
C - 2 throwing nets {=f, !d}
c - 10 rations (gained 1)
You are near starving!
Things that are here:
a whip; a flail
c - 11 rations (gained 1)
Your divine stamina fades away.
e - 3 scrolls of remove curse (gained 1) HP restored.
A two-headed ogre comes into view.
It is wielding a giant spiked club and a giant club.
The two-headed ogre shouts in stereo!
The two-headed ogre hits you with a giant spiked club!
The two-headed ogre hits you but does no damage.
You hit the two-headed ogre.
The two-headed ogre is lightly wounded.
The two-headed ogre closely misses you.
The two-headed ogre hits you with a giant club!!
You are too injured to fight recklessly!
You hit the two-headed ogre but do no damage.
The two-headed ogre is lightly wounded.
You sock the two-headed ogre!
The two-headed ogre is moderately wounded.
The two-headed ogre hits you with a giant spiked club.
The two-headed ogre hits you but does no damage.
Zin grants you divine stamina.
The two-headed ogre hits you with a giant spiked club!
* * * LOW HITPOINT WARNING * * *
The two-headed ogre hits you but does no damage.
You sock the two-headed ogre!
The two-headed ogre is heavily wounded.
You barely miss the two-headed ogre.
The two-headed ogre is heavily wounded.
The two-headed ogre hits you with a giant spiked club.
* * * LOW HITPOINT WARNING * * *
The two-headed ogre closely misses you.
You barely miss the two-headed ogre.
The two-headed ogre is heavily wounded.
The two-headed ogre hits you but does no damage.
The two-headed ogre hits you with a giant club!
* * * LOW HITPOINT WARNING * * *
Your chain mail prevents you from hitting the two-headed ogre.
The two-headed ogre is heavily wounded.
You feel much better.
The two-headed ogre hits you with a giant spiked club!
The two-headed ogre hits you with a giant club!
* * * LOW HITPOINT WARNING * * *
You feel much better.
The two-headed ogre hits you with a giant spiked club!
* * * LOW HITPOINT WARNING * * *
The two-headed ogre completely misses you.
You completely miss the two-headed ogre.
The two-headed ogre is heavily wounded.
You barely miss the two-headed ogre.
The two-headed ogre is heavily wounded.
The two-headed ogre hits you with a giant spiked club.
* * * LOW HITPOINT WARNING * * *
The two-headed ogre hits you with a giant club!
* * * LOW HITPOINT WARNING * * *
Your chain mail prevents you from hitting the two-headed ogre.
The two-headed ogre is heavily wounded.
The two-headed ogre hits you with a giant spiked club.
* * * LOW HITPOINT WARNING * * *
The two-headed ogre hits you with a giant club!
You die...

#.########+##### #..............#
######.O@......# #.........#
#......#### . #......#######
..#............. ..
.....<#.############## ..
...................... ########.
......................
........#####.###....#.#########.


You could see a two-headed ogre.

Vanquished Creatures
  A two-headed ogre (D:7)
  The ghost of Serooblart the Fighter, a novice MiBe of Trog (D:7)
  Pikel (D:7)
  A centaur zombie (D:7)
  The ghost of ximkin the Chopper, a novice HuBe of Trog (D:5)
  Eustachio (D:5)
  A hungry ghost (D:10)
  An orc warrior (D:9)
  An ice beast (D:10)
  2 phantoms
  A sky beast (D:8)
  2 ogres
  3 centaurs (D:6)
  A crocodile (Sewer)
  A big kobold (D:8)
  3 bullfrogs
  2 scorpions
  2 jellies
  5 killer bees (D:8)
  2 crimson imps
  A bullfrog zombie (D:5)
  A centaur skeleton (D:8)
  2 hounds (D:8)
  4 orc priests
  An orc wizard (D:4)
  A human skeleton (D:3)
  4 iguanas
  3 worker ants
  A killer bee zombie (D:8)
  A hound skeleton (D:8)
  3 gnolls (D:9)
  A howler monkey skeleton (D:4)
  2 adders
  A river rat (D:4)
  4 oozes
  2 worms
  2 dart slugs
  5 leopard geckos
  25 orcs
  2 ball pythons
  11 giant cockroaches
  6 goblins
  3 hobgoblins (D:1)
  4 jackals
  8 bats
  A frilled lizard (D:4)
  A giant cockroach zombie (D:6)
  A jackal skeleton (D:6)
  A jackal zombie (D:3)
  11 kobolds
  A kobold skeleton (D:3)
  A quokka skeleton (D:5)
  9 rats
157 creatures vanquished.

Notes
Turn   | Place    | Note
-------+----------+-------------------------------------------
     0 | D:1      | Mgcat the Gargoyle Monk began the quest for the Orb.
     0 | D:1      | Reached XP level 1. HP: 14/14 MP: 1/1
    76 | D:1      | Reached XP level 2. HP: 13/19 MP: 2/2
   339 | D:1      | Reached XP level 3. HP: 16/24 MP: 3/3
   435 | D:1      | Reached skill level 4 in Fighting
  1288 | D:3      | Reached XP level 4. HP: 29/30 MP: 4/4
  1352 | D:3      | Reached skill level 4 in Maces & Flails
  1629 | D:3      | Found a runed door.
  1629 | D:3      | Noticed a human
  1638 | D:3      | Found a basalt altar of Yredelemnul.
  1726 | D:3      | Reached XP level 5. HP: 34/34 MP: 5/5
  1962 | D:4      | Reached skill level 5 in Fighting
  2051 | D:4      | Found Utyhioz's Weapon Shoppe.
  2104 | D:4      | Found a glowing drain.
  2134 | D:4      | HP: 7/35 [river rat (3)]
  2153 | Sewer    | Entered a sewer
  2185 | Sewer    | Noticed a crocodile
  2196 | Sewer    | Killed a crocodile
  2196 | Sewer    | Reached skill level 5 in Maces & Flails
  2196 | Sewer    | Reached XP level 6. HP: 32/41 MP: 6/6
  2357 | D:4      | Reached skill level 6 in Fighting
  2365 | D:4      | HP: 7/41 [orc wizard/magic dart (6)]
  2381 | D:4      | Found a glowing silver altar of Zin.
  2384 | D:4      | Became a worshipper of Zin the Law-Giver
  2384 | D:4      | Reached * piety under Zin
  2384 | D:4      | Reached ** piety under Zin
  2384 | D:4      | Reached *** piety under Zin
  2721 | D:5      | Entered Level 5 of the Dungeon
  2742 | D:5      | Reached XP level 7. HP: 43/47 MP: 7/7
  2873 | D:5      | Noticed ximkin's ghost (novice HuBe)
  2891 | D:5      | Killed ximkin's ghost
  2891 | D:5      | Reached skill level 7 in Fighting
  2891 | D:5      | Reached skill level 6 in Maces & Flails
  3490 | D:5      | Noticed Eustachio
  3578 | D:5      | Killed Eustachio
  3578 | D:5      | Reached skill level 7 in Maces & Flails
  3578 | D:5      | Reached XP level 8. HP: 31/54 MP: 8/8
  3713 | D:6      | Noticed Prince Ribbit
  3917 | D:6      | Reached skill level 8 in Fighting
  4066 | D:6      | HP: 9/55 [ogre/giant spiked club (13)]
  4598 | D:6      | Reached skill level 8 in Maces & Flails
  4633 | D:6      | Found a staircase to the Ecumenical Temple.
  4951 | D:7      | Reached **** piety under Zin
  4996 | D:7      | Reached skill level 9 in Fighting
  4996 | D:7      | Reached XP level 9. HP: 56/60 MP: 9/9
  5084 | D:4      | Bought a +0 flail of crushing for 79 gold pieces
  5265 | D:7      | Noticed Serooblart's ghost (novice MiBe)
  5284 | D:7      | Killed Serooblart's ghost
  5284 | D:7      | Reached skill level 10 in Fighting
  5284 | D:7      | Reached skill level 9 in Maces & Flails
  5328 | D:7      | Noticed Pikel
  5343 | D:7      | Killed Pikel
  5760 | D:8      | Noticed a two-headed ogre
  5773 | D:7      | Killed a two-headed ogre
  5773 | D:7      | Reached skill level 11 in Fighting
  5773 | D:7      | Reached skill level 10 in Maces & Flails
  5773 | D:7      | Reached XP level 10. HP: 29/70 MP: 10/10
  6486 | D:8      | You fall through a shaft for 2 floors!
  6486 | D:10     | Entered Level 10 of the Dungeon
  6617 | D:9      | Reached skill level 11 in Maces & Flails
  6702 | D:9      | Noticed a two-headed ogre
  6713 | D:9      | HP: 12/71 [two-headed ogre/giant spiked club (7)]
  6718 | D:9      | HP: 14/71 [two-headed ogre/giant spiked club (3)]
  6718 | D:9      | HP: 6/71 [two-headed ogre/giant spiked club (8)]
  6719 | D:9      | HP: 2/71 [two-headed ogre/giant spiked club (5)]
  6719 | D:9      | Mangled by a two-headed ogre

Skill      XL: |  1  2  3  4  5  6  7  8  9 10 |
---------------+-------------------------------+-----
Fighting       | 4 5 6 7 9 11 | 11.9
Maces & Flails | 4 5 7 8 10 11 | 11.0
Dodging        | |  2.4
Stealth        | |  2.1
Invocations    | |  0.1

Action                   |  1- 3 |  4- 6 |  7- 9 | 10-12 || total
-------------------------+-------+-------+-------+-------++-------
Melee: Mace              |   157 |   243 |   229 |       ||   629
       Flail             |       |       |    61 |   206 ||   267
Throw: Tomahawk          |       |       |     6 |       ||     6
Invok: Vitalisation      |       |       |     1 |     3 ||     4
  Use: Scroll            |       |    10 |     1 |       ||    11
       Potion            |       |     3 |     1 |     2 ||     6
  Eat: Chunk             |     1 |     5 |     6 |     2 ||    14
       Ration            |       |       |     1 |     1 ||     2
Armor: Robe              |     6 |       |       |       ||     6
       Chain mail        |   114 |   211 |   252 |   126 ||   703
Dodge: Dodged            |    90 |   117 |   113 |    70 ||   390

Vault maps used:
D:1:      minmay_arrival_plants_in_alcoves, minmay_pentomino_x4
D:2:      first_ration
D:3:      minmay_roachtagon, st_stairs_9, dk_yredelemnul_ordeal
D:4:      zin_statuary, portal_sewer_entry_a, kennysheep_windowed_goal
D:5:      st_stairs_7, uniq_eustachio
D:6:      temple_green, minmay_misc_feat_alley, uniq_prince_ribbit1
D:7:      uniq_pikel
D:8:      uniq_joseph
D:9:      minmay_blocky_corners
D:10:     minmay_lair_entry_lava, hangedman_fish_farm, minmay_misc_feat_columns,
          uniq_grum, uniq_urug
Sewer:    sewer_big_baddie

Table legend:
 A = Turns spent in this place as a percentage of turns spent in the entire game.
 B = Non-inter-level travel turns spent in this place as a percentage of non-inter-level travel turns spent in the entire game.
 C = Inter-level travel turns spent in this place as a percentage of turns spent in this place.
 D = Turns resting spent in this place as a percentage of non-inter-level travel turns spent in this place.
 E = Turns spent auto-exploring this place as a percentage of non-inter-level travel turns spent in this place.
 F = Non-inter-level travel turns spent in this place divided by the number of levels of this place that you've seen.
                   A       B       C       D       E      F
               +-------+-------+-------+-------+-------+----------------------
         Total | 100.0 | 100.0 |   4.6 |   1.8 |  73.3 | 582.7
       Dungeon |  98.7 |  98.6 |   4.7 |   1.8 |  73.7 | 632.0
         Sewer |   1.3 |   1.4 |   0.0 |   0.0 |  43.3 |  90.0
               +-------+-------+-------+-------+-------+----------------------

Table legend:
 A = Kills in this place as a percentage of kills in entire the game.
 B = Kills by you in this place as a percentage of kills by you in the entire game.
 C = Kills by friends in this place as a percentage of kills by friends in the entire game.
 D = Other kills in this place as a percentage of other kills in the entire game.
 E = Experience gained in this place as a percentage of experience gained in the entire game.
 F = Experience gained in this place divided by the number of levels of this place that you have seen.
                   A       B       C       D       E      F
               +-------+-------+-------+-------+-------+----------------------
         Total | 100.0 | 100.0 |   N/A |   N/A | 100.0 | 625.0
       Dungeon |  96.2 |  96.2 |   N/A |   N/A |  98.3 | 675.8
         Sewer |   3.8 |   3.8 |   N/A |   N/A |   1.7 | 117.0
               +-------+-------+-------+-------+-------+----------------------
